 Dungeon Sprint DCSS version 0.32-a0-42-ga30500b4d3 (webtiles) character file.

Game seed: 1616063880139038082

12581 rocky1 the Severer (level 11, -6/114 HPs)
             Began as a Minotaur Gladiator on Jan 29, 2024.
             Was an Initiate of Gozag.
             Mangled by a deep elf blademaster
             ... wielding a +0 rapier
              (29 damage)
             ... in the Dungeon (Sprint VII: "The Pits").
             The game lasted 00:13:52 (3856 turns).

rocky1 the Severer (Minotaur Gladiator)             Turns: 3856, Time: 00:13:53

Health: -6/114     AC:  0    Str: 20    XL:     11   Next: 64%
Magic:  10/10      EV: 20    Int:  7    God:    Gozag
Gold:   977        SH:  0    Dex: 13    Spells: 10/10 levels left

rFire   . . .        q - melded +2 hand axe (heavy)
rCold   . . .        (shield currently unavailable)
rNeg    . . .        w - melded +3 plate armour
rPois   .            c - melded +0 hat
rElec   .            v - melded +0 cloak
rCorr   .            F - melded +2 pair of gloves {Str+3}
SInv    .            E - melded +2 pair of boots {Fly}
Will    .....        (no amulet)
Stlth   +++          r - melded +3 ring of evasion
HPRegen 0.39/turn    s - melded +3 ring of dexterity
MPRegen 0.12/turn

%: no teleportation
@: pig-form, weakened, hasted, very quick
A: fast, no casting, small, (horns 2), (retaliatory headbutt)
a: Renounce Religion, Potion Petition, Call Merchant, Bribe Branch


You were in the Dungeon.
You worshipped Gozag.
Gozag was pleased with you.
You were a filthy swine.
You visited 1 branch You collected 6430 gold pieces.
You spent 688 gold pieces at shops.
You paid 4765 gold pieces to Gozag.

Inventory:

Hand Weapons
 q - a +2 heavy hand axe (melded)
Missiles
 d - a throwing net (quivered)
 e - 8 javelins
 C - 3 poisoned darts
 D - a curare-tipped dart
Armour
 c - a +0 hat (melded)
 v - a +0 cloak (melded)
 w - a +3 plate armour (melded)
 E - a +2 pair of boots of flying (melded)
 F - a +2 pair of gloves of strength (melded)
Jewellery
 r - a +3 ring of evasion (melded)
 s - a +3 ring of dexterity (melded)
 A - a ring of protection from fire
 B - a ring of protection from cold
Scrolls
 g - a scroll of fog
 k - 4 scrolls of enchant weapon
 m - 2 scrolls of vulnerability
 n - 5 scrolls of amnesia
 o - a scroll of summoning
 x - 4 scrolls of enchant armour
 y - 3 scrolls of identify
Potions
 b - 8 potions of heal wounds
 f - 5 potions of curing
 i - 4 potions of magic
 j - 3 potions of berserk rage
 l - 2 potions of invisibility
 p - 2 potions of might
 t - 3 potions of mutation
 u - 2 potions of brilliance
 z - a potion of resistance


   Skills:
 + Level 16.0 Fighting
 + Level 19.7 Axes
 + Level 5.3 Throwing
 + Level 19.1 Armour
 + Level 11.9 Dodging
 - Level 5.0 Stealth


You had 10 spell levels left.
You didn't know any spells.
Your spell library was empty.

Dungeon Overview and Level Annotations

Branches:
Dungeon (1/1)

Altars:
Ashenzari
Cheibriados
Dithmenos
Elyvilon
Fedhas
Gozag
Hepliaklqana
Kikubaaqudgha
Makhleb
Nemelex Xobeh
Okawaru
Qazlal
Ru
Sif Muna
Trog
Uskayaw
Vehumet
Wu Jian
Xom
Yredelemnul
Zin
The Shining One
Jiyva
Lugonu

Shops:
D [(

Annotations:
D Psyche


Innate Abilities, Weirdness & Mutations

You are a filthy swine.
You move quickly.
Your equipment is almost entirely melded.
You are incapable of wielding weapons or throwing items.
You cannot cast spells.
((You have a pair of horns on your head.))
((You reflexively headbutt those who attack you in melee.))


Message History

Your headbutt misses the deep elf blademaster.
The deep elf blademaster is severely wounded.
You hit Psyche. Psyche gestures at you while chanting.
You turn into a filthy swine.
Your +2 heavy hand axe melds into your body.
Your +0 cloak melds into your body.
Your +0 hat melds into your body.
Your +2 pair of gloves of strength melds into your body.
Your +2 pair of boots of flying melds into your body.
Your +3 plate armour melds into your body.
Your +3 ring of evasion melds into your body.
Your +3 ring of dexterity melds into your body.
You feel weaker.
You float gracefully downwards.
You feel clumsy.
The deep elf blademaster hits you with a +0 rapier!
The deep elf blademaster hits you with a +0 rapier!!
Unknown command.
As you read the scroll of fear, it crumbles to dust.
You assume a fearsome visage.
The ynoxinul looks frightened!
The deep elf blademaster resists with almost no effort.
Psyche resists with some effort.
The deep elf blademaster hits you with a +0 rapier!!
The deep elf blademaster completely misses you.
Psyche miscasts a cantrip.
As you read the scroll of fear, it crumbles to dust.
You assume a fearsome visage.
The deep elf blademaster resists with some effort.
Psyche looks frightened!
The deep elf blademaster hits you with a +0 rapier!!
The deep elf blademaster hits you with a +0 rapier!
* * * LOW HITPOINT WARNING * * *
Psyche mumbles some strange words.
Psyche flickers and vanishes!
Deactivating autopickup; reactivate with Ctrl-A.
You miss the deep elf blademaster.
The deep elf blademaster is severely wounded.
The deep elf blademaster hits you with a +0 rapier!!
You die...
Your body crumbles into a pile of gold.

..# ..# ######## ..# ...##..#
..# ...##..# ..# ...''..# ..#
∩∩.''..##########e.#
...##...........h{.#
...##..)..........3#
#################### ##########
########## #####
..'..'...###........###....####
..'..'.....##......##....###..#
.##..##.....##....##..#.##....#
##....###....#....#.....#.....#
........###.###..##.#.#.#.....#


You could see a deep elf blademaster and a ynoxinul (fleeing).

Vanquished Creatures
  A great orb of eyes (D)
  A two-headed ogre (D)
  A death yak (D)
  Urug (D)
  2 deep elf knights (D)
  A deep troll (D)
  A flayed ghost (D)
  A deep elf archer (D)
  3 deep elf zephyrmancers (D)
  An orc knight (D)
  2 black mambas (D)
  An elephant (D)
  A smoke demon (D)
  An orange demon (D)
  A molten gargoyle (D)
  A yaktaur (D)
  An unseen horror (D)
  2 rime drakes (D)
  A freezing wraith (D)
  A polar bear (D)
  A guardian mummy (D)
  2 hellwings (D)
  A jumping spider (D)
  A basilisk (D)
  A fire bat (D)
  A wyvern (D)
  An acid dragon (D)
  An orc warrior (D)
  2 ice beasts (D)
  A crocodile (D)
  3 centaurs (D)
  An ogre (D)
  2 kobold brigands (D)
  A small abomination (D)
  2 gnoll sergeants (D)
  A scorpion (D)
  A necrophage (D)
  2 quasits (D)
  2 orc priests (D)
  An iguana (D)
  7 gnolls (D)
  A white imp (D)
  An adder skeleton (D)
  A ribbon worm (D)
  2 orcs (D)
  2 endoplasms (D)
  A goblin (D)
  A hobgoblin (D)
  7 jackals (D)
  A ball python (D)
  A ball python skeleton (D)
  A ball python zombie (D)
  A frilled lizard (D)
  A jackal skeleton (D)
  A rat (D)
82 creatures vanquished.

Notes
Turn   | Place    | Note
-------+----------+-------------------------------------------
     0 | D        | rocky1 the Minotaur Gladiator began the quest for the Orb.
     0 | D        | Reached XP level 1. HP: 18/18 MP: 0/0
    44 | D        | Found a bloodstained altar of Trog.
    44 | D        | Found a shimmering blue altar of Sif Muna.
    44 | D        | Found a viscous altar of Jiyva.
    44 | D        | Found a hazy altar of Hepliaklqana.
    44 | D        | Found an opulent altar of Gozag.
    45 | D        | Found a glowing golden altar of the Shining One.
    45 | D        | Found a glowing silver altar of Zin.
    45 | D        | Found a basalt altar of Yredelemnul.
    45 | D        | Found a shimmering altar of Xom.
    45 | D        | Found an ornate altar of the Wu Jian Council.
    45 | D        | Found a sacrificial altar of Ru.
    45 | D        | Found a stormy altar of Qazlal.
    45 | D        | Found an iron altar of Okawaru.
    45 | D        | Found a sparkling altar of Nemelex Xobeh.
    45 | D        | Found a burning altar of Makhleb.
    45 | D        | Found a blossoming altar of Fedhas.
    45 | D        | Found a white marble altar of Elyvilon.
    45 | D        | Found a shadowy altar of Dithmenos.
    45 | D        | Found a snail-covered altar of Cheibriados.
    48 | D        | Found a corrupted altar of Lugonu.
    48 | D        | Found a radiant altar of Vehumet.
    49 | D        | Found an ancient bone altar of Kikubaaqudgha.
    49 | D        | Found a hide-covered altar of Uskayaw.
    49 | D        | Found a broken altar of Ashenzari.
    52 | D        | Became a worshipper of Gozag Ym Sagoz the Greedy
   102 | D        | Noticed an ice beast
   108 | D        | Reached XP level 2. HP: 22/25 MP: 1/1
   110 | D        | Reached skill level 5 in Axes
   112 | D        | Reached skill level 1 in Armour
   118 | D        | Killed an ice beast
   119 | D        | Reached skill level 1 in Stealth
   119 | D        | Reached XP level 3. HP: 27/33 MP: 2/2
   119 | D        | Reached XP level 4. HP: 32/40 MP: 3/3
   196 | D        | Noticed a crocodile
   198 | D        | Noticed a centaur
   206 | D        | Killed a crocodile
   207 | D        | Reached skill level 5 in Fighting
   207 | D        | Reached XP level 5. HP: 48/48 MP: 4/4
   214 | D        | Noticed a fire bat
   218 | D        | Killed a centaur
   219 | D        | Reached skill level 10 in Axes
   219 | D        | Reached XP level 6. HP: 56/56 MP: 5/5
   222 | D        | Killed a fire bat
   373 | D        | Noticed a rime drake
   381 | D        | Killed a rime drake
   382 | D        | Reached XP level 7. HP: 39/66 MP: 6/6
   671 | D        | Reached skill level 10 in Dodging
   687 | D        | Reached skill level 5 in Armour
  1044 | D        | Noticed a flayed ghost
  1049 | D        | Reached XP level 8. HP: 74/74 MP: 7/7
  1055 | D        | Killed a flayed ghost
  1056 | D        | Reached skill level 15 in Axes
  1206 | D        | Noticed a rime drake
  1217 | D        | Killed a rime drake
  1394 | D        | Noticed a death yak
  1398 | D        | Noticed a hellwing
  1400 | D        | Noticed a hellwing
  1403 | D        | Noticed an orange demon
  1416 | D        | Killed a death yak
  1417 | D        | Reached XP level 9. HP: 20/85 MP: 8/8
  1424 | D        | Killed a hellwing
  1425 | D        | Reached skill level 10 in Fighting
  1425 | D        | Reached skill level 5 in Throwing
  1425 | D        | Killed a hellwing
  1433 | D        | Killed an orange demon
  1434 | D        | Reached skill level 10 in Armour
  1441 | D        | Killed an unseen horror
  1442 | D        | Reached skill level 5 in Stealth
  1619 | D        | Noticed a guardian mummy
  1629 | D        | Killed a guardian mummy
  1920 | D        | Noticed a two-headed ogre
  1921 | D        | Noticed an elephant
  1921 | D        | Noticed a freezing wraith
  1930 | D        | Killed a two-headed ogre
  1931 | D        | Reached XP level 10. HP: 57/97 MP: 9/9
  1961 | D        | HP: 3/97 [elephant (4)]
  1966 | D        | HP: 3/97 [elephant (2)]
  1969 | D        | Killed an elephant
  2320 | D        | Noticed a deep elf zephyrmancer
  2320 | D        | Noticed a great orb of eyes
  2320 | D        | Noticed a smoke demon
  2333 | D        | Killed a great orb of eyes
  2337 | D        | Killed a deep elf zephyrmancer
  2338 | D        | Reached skill level 15 in Armour
  2340 | D        | Noticed a deep troll
  2341 | D        | Killed a smoke demon
  2354 | D        | Killed a deep troll
  2841 | D        | Noticed an orc knight
  2841 | D        | Noticed a deep elf knight
  2841 | D        | Noticed a deep elf knight
  2841 | D        | Noticed a deep elf zephyrmancer
  2841 | D        | Noticed a deep elf archer
  2842 | D        | Noticed a black mamba
  2844 | D        | Noticed Urug
  2847 | D        | Killed a deep elf zephyrmancer
  2848 | D        | Reached XP level 11. HP: 108/108 MP: 10/10
  2860 | D        | Noticed a deep elf zephyrmancer
  2867 | D        | Killed a deep elf archer
  2946 | D        | Killed a deep elf knight
  2951 | D        | Killed a deep elf zephyrmancer
  2952 | D        | Reached skill level 15 in Fighting
  2967 | D        | Killed an orc knight
  3046 | D        | Killed a deep elf knight
  3360 | D        | Killed Urug
  3537 | D        | Bought a +2 pair of boots of flying for 344 gold pieces
  3537 | D        | Bought a +2 pair of gloves of strength for 344 gold pieces
  3843 | D        | Noticed a deep elf blademaster
  3843 | D        | Noticed Psyche
  3856 | D        | Mangled by a deep elf blademaster

Illustrated notes

Levels and vault maps discovered:
D:        pitsprint [storerooms_1, entrance_room_1, metal_vault_4, armoury_2,
          mini_pit_1, grid_room_1, main_hall_1, silver_pit, the_coven_1,
          the_vestibule_1, steel_vault_5, golden_pit, hallway_of_sentries,
          crystal_vault_1, iron_vault_1, final_vault]

Skill      XL: |  1  2  3  4  5  6  7  8  9 10 11 |
---------------+----------------------------------+-----
Axes           | 4 8 9 10 13 14 16 18 19 | 19.7
Dodging        | 4 6 7 8 9 10 11 | 11.9
Armour         | 1 2 3 4 5 8 12 16 19 | 19.1
Fighting       | 4 5 7 9 11 13 16 | 16.0
Stealth        | 1 2 3 5 |  5.0
Throwing       | 3 4 5 |  5.3

Action                     |  1- 3 |  4- 6 |  7- 9 | 10-12 || total
---------------------------+-------+-------+-------+-------++-------
  Melee: War axe           |    27 |       |       |       ||    27
         Headbutt          |     4 |     4 |    17 |    31 ||    56
         Punch             |     1 |       |     1 |     1 ||     3
         Hand axe          |       |    29 |    83 |   151 ||   263
         Unarmed           |       |       |       |     1 ||     1
  Throw: Throwing net      |     1 |     2 |       |     1 ||     4
 Invoke: Potion Petition   |       |       |     1 |     6 ||     7
         Call Merchant     |       |       |       |     2 ||     2
    Use: Potion            |       |       |     4 |    12 ||    16
         Scroll            |       |       |       |     3 ||     3
   Stab: Distracted        |     1 |       |       |       ||     1
         Held in net/web   |     1 |       |       |       ||     1
         Invisible         |       |       |     6 |       ||     6
 Armour: Leather armour    |    12 |       |       |       ||    12
         Plate armour      |       |    42 |    73 |   217 ||   332
         Skin              |       |       |       |     6 ||     6
  Dodge: Dodged            |    23 |    25 |    56 |   109 ||   213

Table legend: (Time is in decaauts)
 A = Elapsed time spent in this place.
 B = Non-inter-level travel time spent in this place.
 C = Inter-level travel time spent in this place.
 D = Time resting spent in this place.
 E = Time spent auto-exploring this place.
 F = Levels seen in this place.
 G = Mean time per level.
                   A        B        C        D        E       F      G
               +--------+--------+--------+--------+--------+-----+--------+
         Total |   3840 |   3778 |     62 |   2708 |      0 |   1 | 3840.0 |
       Dungeon |   3840 |   3778 |     62 |   2708 |      0 |   1 | 3840.0 |
               +--------+--------+--------+--------+--------+-----+--------+

Top non-repeatable levels by time:
       D: 3840 daAuts
